 Dungeon Crawl Stone Soup version 0.31-a0-1165-g196b491b36 (webtiles) character file.

Game seed: 12184152079614491916

420 dialectric the Covered (level 6, -3/56 HPs)
             Began as a Minotaur Fighter on Dec 9, 2023.
             Slain by an orc
             ... wielding a +0 war axe
              (7 damage)
             ... on level 5 of the Dungeon.
             The game lasted 00:03:05 (2874 turns).

dialectric the Covered (Minotaur Fighter)           Turns: 2874, Time: 00:03:06

Health: -3/56      AC: 11    Str: 18 (21) XL:     6   Next: 62%
Magic:  5/5        EV:  8    Int:  2 (5)  God:
Gold:   209        SH:  0    Dex:  8 (11) Spells: 5/5 levels left

rFire   . . .        x - +2 whip (venom)
rCold   . . .        (no shield)
rNeg    . . .        r - +0 chain mail
rPois   .            (helmet restricted)
rElec   .            y - +0 cloak
rCorr   .            (no gloves)
SInv    .            (no boots)
Will    .....        (no amulet) Stlth
                     (no ring)
HPRegen 0.29/turn    (no ring)
MPRegen 0.09/turn

%: no passive effects
@: mighty, brilliant, lethally poisoned (-3 -> -8), invisible
A: horns 2, retaliatory headbutt
a: no special abilities


You were on level 5 of the Dungeon.
You visited 1 branch of the dungeon, and saw 5 of its levels.

You collected 209 gold pieces.

Inventory:

Hand Weapons
 a - a +0 flail
 p - a +2 short sword of venom
 x - a +2 whip of venom (weapon)
Missiles
 j - 6 javelins (quivered)
 u - 8 poisoned darts
Armour
 b - a +0 scale mail
 c - a +0 buckler
 r - a +0 chain mail (worn)
 y - a +0 cloak (worn)
Wands
 m - a wand of paralysis (12)
 t - a wand of light (5)
Scrolls
 e - 4 scrolls of identify {unknown}
 g - 2 scrolls of enchant armour {unknown}
 h - a scroll of enchant weapon {unknown}
 i - a scroll of revelation {unknown}
 n - a scroll of immolation {unknown}
 s - a scroll of poison {unknown}
 v - a scroll of amnesia {unknown}
Potions
 d - a potion of might
 k - a potion of berserk rage {unknown}
 l - a potion of ambrosia
 o - a potion of degeneration
 q - a potion of curing {unknown}


   Skills:
 + Level 5.3 Fighting
 + Level 4.5 Maces & Flails
 * Level 5.8 Armour
 + Level 3.3 Dodging
 - Level 3.6 Shields


You had 5 spell levels left.
You didn't know any spells.
Your spell library contained the following spells:

 Spells                   Type           Power      Damage    Failure   Level
 Freeze                   Ice            0%         1d3       99%         1
 Magic Dart               Conj           0%         1d3       99%         1
 Call Imp                 Summ           0%         N/A       100%        2
 Frozen Ramparts          Ice            0%         1d1       100%        3
 Hailstorm                Conj/Ice       0%         3d5       100%        3
 Mephitic Cloud           Conj/Pois/Air  0%         N/A       100%        3


Dungeon Overview and Level Annotations

Branches:
Dungeon (5/15)
 Temple: D:4-7

Altars:
Cheibriados
Gozag
Kikubaaqudgha
Ru


Innate Abilities, Weirdness & Mutations

You have a pair of horns on your head.
You reflexively headbutt those who attack you in melee.


Message History

* * * LOW HITPOINT WARNING * * *
The black bear claws you but does no damage.
The black bear claws you.
* * * LOW HITPOINT WARNING * * *
Unknown command.
It was a potion of degeneration.
There was something very wrong with that liquid.
You feel weakened.
You feel dopey.
You feel clumsy.
You feel sick. The orc hits you but does no damage. x2
The orc priest hits you but does no damage.
You are lethally poisoned!
The black bear bites you but does no damage.
The black bear claws you.
* * * LOW HITPOINT WARNING * * *
The black bear barely misses you.
It was a potion of ambrosia.
You are confused.
You feel invigorated.
* * * LOW HITPOINT WARNING * * *
You feel very sick.
The orc hits you but does no damage. x2; The orc priest barely misses you.
The black bear bites you but does no damage.
The black bear claws you but does no damage. x2
It was a potion of brilliance.
You feel clever all of a sudden.
* * * LOW HITPOINT WARNING * * *
You feel sick. The orc closely misses you. The orc hits you with a +0 whip.
* * * LOW HITPOINT WARNING * * *
The orc priest completely misses you.
The black bear bites you but does no damage.
The black bear claws you but does no damage.
The black bear claws you.
* * * LOW HITPOINT WARNING * * *
It was a potion of invisibility.
You fade into invisibility!
You feel less invigorated.
You feel less confused.
* * * LOW HITPOINT WARNING * * *
You feel sick. The orc hits you with a +0 war axe!
You die...

### #.###
?.#.#
#.#.###
#.#...
###o#.#
#).<..###
#.##o###(..#
#...o@h..#.#
#####o#### #
#.# #.# #..
###


You could see a black bear (unable to see you), an orc priest (unable to see
you) and 2 orcs.

Vanquished Creatures
  A black bear (D:4)
  A centaur skeleton (D:3)
  A hound (D:5)
  An orc priest (D:5)
  Ijyb (D:3)
  A scorpion zombie (D:3)
  Terence (D:3)
  2 hound skeletons (D:3)
  A gnoll (D:4)
  Robin (D:3)
  4 adders
  2 worms (D:2)
  9 orcs
  5 endoplasms
  3 giant cockroaches
  6 goblins
  8 hobgoblins
  2 jackals (D:2)
  6 quokkas
  5 ball pythons
  6 bats
  5 frilled lizards
  4 kobolds
  3 rats
79 creatures vanquished.

Notes
Turn   | Place    | Note
-------+----------+-------------------------------------------
     0 | D:1      | dialectric the Minotaur Fighter began the quest for the
                  | Orb.
     0 | D:1      | Reached XP level 1. HP: 19/19 MP: 0/0
   239 | D:1      | Reached XP level 2. HP: 27/27 MP: 1/1
   259 | D:1      | Found a faded altar of an unknown god.
   373 | D:1      | Reached skill level 1 in Dodging
   651 | D:2      | Reached XP level 3. HP: 27/33 MP: 2/2
  1397 | D:3      | Noticed Ijyb
  1400 | D:3      | Paralysed by Ijyb for 3 turns
  1407 | D:3      | Paralysed by Ijyb for 3 turns
  1412 | D:3      | Paralysed by Ijyb for 2 turns
  1415 | D:3      | Paralysed by Ijyb for 2 turns
  1418 | D:3      | Killed Ijyb
  1419 | D:3      | Reached XP level 4. HP: 31/41 MP: 3/3
  1638 | D:3      | Noticed Robin
  1649 | D:3      | Reached XP level 5. HP: 43/47 MP: 4/4
  1652 | D:3      | Killed Robin
  1856 | D:3      | Noticed Terence
  1865 | D:3      | Killed Terence
  1882 | D:3      | Reached skill level 5 in Armour
  2026 | D:4      | Found a sacrificial altar of Ru.
  2109 | D:4      | Reached skill level 5 in Fighting
  2299 | D:4      | Identified the +13 plate armour of Hogeppei {-Tele Will+
                  | Str+5 SInv}
  2404 | D:4      | Noticed a black bear
  2413 | D:4      | Killed a black bear
  2414 | D:4      | Reached XP level 6. HP: 37/56 MP: 5/5
  2540 | D:4      | Found a snail-covered altar of Cheibriados.
  2543 | D:4      | Found an ancient bone altar of Kikubaaqudgha.
  2546 | D:4      | Found an opulent altar of Gozag.
  2728 | D:5      | Entered Level 5 of the Dungeon
  2873 | D:5      | HP: 2/56 [black bear (3)]
  2874 | D:5      | Slain by an orc

Illustrated notes

Levels and vault maps discovered:
D:1:      lemuel_arrival_room, layout_basic, hellmonk_ecumenical_altar_run_dry
D:2:      layout_basic
D:3:      layout_loops_ring, nicolae_qazlal_eye_of_the_storm, serial_undead,
          serial_undead_c, serial_undead_b, serial_undead_a, serial_undead_b,
          hangedman_decor_slide_cut, st_stairs_12, uniq_robin, uniq_ijyb,
          uniq_terence
D:4:      layout_loops_cross, grunt_temple_overflow_diamond,
          nicolae_ru_sacrificial_ziggurat
D:5:      layout_basic, minmay_temple_entry_junction_2,
          hellmonk_ghost_happy_afterlife

Skill      XL: |  1  2  3  4  5 |
---------------+----------------+-----
Dodging        | 1 2 3 |  3.3
Fighting       | 4 5 |  5.3
Maces & Flails | 3 4 |  4.5
Armour         | 4 5 |  5.8
Shields        | |  3.6

Action                     |  1- 3 |  4- 6 || total
---------------------------+-------+-------++-------
  Melee: Flail             |   103 |    43 ||   146
         Headbutt          |    12 |    17 ||    29
         Punch             |     1 |     2 ||     3
         Short sword       |       |    38 ||    38
         Whip              |       |    31 ||    31
    Use: Potion            |       |     5 ||     5
 Armour: Scale mail        |    85 |    49 ||   134
         Chain mail        |       |    77 ||    77
  Dodge: Dodged            |    49 |    80 ||   129
  Block: Buckler           |     1 |       ||     1

Table legend: (Time is in decaauts)
 A = Elapsed time spent in this place.
 B = Non-inter-level travel time spent in this place.
 C = Inter-level travel time spent in this place.
 D = Time resting spent in this place.
 E = Time spent auto-exploring this place.
 F = Levels seen in this place.
 G = Mean time per level.
                   A        B        C        D        E       F      G
               +--------+--------+--------+--------+--------+-----+--------+
         Total |   2904 |   2795 |    109 |      0 |   2136 |   5 |  580.8 |
       Dungeon |   2904 |   2795 |    109 |      0 |   2136 |   5 |  580.8 |
               +--------+--------+--------+--------+--------+-----+--------+

Top non-repeatable levels by time:
     D:4: 869 daAuts
     D:3: 661 daAuts
     D:1: 648 daAuts
     D:2: 610 daAuts
     D:5: 114 daAuts
